 Dungeon Crawl Stone Soup version 0.30.0-29-ga12c61a403 (webtiles) character file.

Game seed: 12589057822519385876

9 Cheops the Digger (level 2, 0/21 HPs)
             Began as an Armataur Earth Elementalist on June 14, 2023.
             Slain by a hobgoblin (2 damage)
             ... on level 1 of the Dungeon.
             The game lasted 00:02:22 (393 turns).

Cheops the Digger (Armataur Earth Elementalist)      Turns: 393, Time: 00:02:23

Health: 0/21       AC:  4    Str: 13    XL:     2   Next: 6%
Magic:  0/5        EV:  9    Int: 15    God:
Gold:   25         SH:  0    Dex: 10    Spells: 4/5 levels left

rFire   . . .        b - staff of conjuration {!a}
rCold   . . .        (no shield)
rNeg    . . .        g - +0 robe
rPois   .            (no helmet)
rElec   .            (no cloak)
rCorr   .            (no gloves)
SInv    .            (no barding)
Will    .....        (no amulet)
Stlth   ++           (no ring)
HPRegen 0.23/turn    (no ring)
MPRegen 0.09/turn

%: roll
@: no status effects
A: large, rugged brown scales 3, deformed body, armoured tail, roll, long
tongue, awkward tongue
a: no special abilities


You were on level 1 of the Dungeon.
You visited 1 branch of the dungeon, and saw 1 of its levels.

You collected 25 gold pieces.

Inventory:

Hand Weapons
 a - a +0 short sword
Armour
 g - a +0 robe (worn)
Magical Staves
 b - a staff of conjuration (weapon) {!a}
Scrolls
 c - 2 scrolls of enchant weapon {unknown}
 d - a scroll of immolation {unknown}
 f - a scroll of teleportation {unknown}
Potions
 e - a potion of brilliance {unknown}
 h - a potion of magic


   Skills:
 - Level 1.3 Dodging
 + Level 2.4 Stealth
 - Level 2.0 Spellcasting
 - Level 0.8 Transmutations
 * Level 3.0 Earth Magic


You had 4 spell levels left.
You knew the following spells:

 Your Spells              Type           Power      Damage    Failure   Level
a - Sandblast             Erth           20%        2d7       6%          1

Your spell library contained the following spells:

 Spells                   Type           Power      Damage    Failure   Level
 Passwall                 Tmut/Erth      5%         N/A       16%         2
 Kiss of Death            Conj/Necr      8%         2d6       22%         1
 Magic Dart               Conj           8%         1d3       22%         1
 Call Imp                 Summ           2%         N/A       32%         2
 Stone Arrow              Conj/Erth      18%        3d8       34%         3
 Confusing Touch          Hex            1%         N/A       54%         3
 Mephitic Cloud           Conj/Pois/Air  2%         N/A       54%         3
 Petrify                  Tmut/Erth      7%         N/A       69%         4
 Dispel Undead            Necr           1%         3d6       91%         4


Dungeon Overview and Level Annotations

Branches:
Dungeon (1/15)

Altars:

Shops:
D:1 ?


Innate Abilities, Weirdness & Mutations

You are completely covered in rugged brown scales. (AC +3, +7% HP)
Armour fits poorly on your strangely shaped body.
You have a long armoured tail.
You roll when moving toward enemies. (Rampage)
Your long tongue fully drains potion bottles. (2x potion effects)
Your tongue gives you trouble enunciating. (1.5x scroll delay)


Message History

The blast of sand hits the hobgoblin.
The hobgoblin is lightly wounded.
The hobgoblin hits you but does no damage.
The kobold hits you with a +0 short sword.
Casting: Sandblast (safe; 6% risk of failure)
Confirm with . or Enter, or press ? or * to list all spells.
Aiming: Sandblast (safe; 6% risk of failure)
Press: ? - help, Shift-Dir - straight line, f/p - hobgoblin
Aim: a hobgoblin (lightly wounded, 82% to hit)
The blast of sand hits the hobgoblin but does no damage.
The hobgoblin is lightly wounded.
The hobgoblin hits you.
The kobold hits you with a +0 short sword. x2
The hobgoblin hits you.
Casting: Sandblast (safe; 6% risk of failure)
Confirm with . or Enter, or press ? or * to list all spells.
Aiming: Sandblast (safe; 6% risk of failure)
Press: ? - help, Shift-Dir - straight line, f/p - hobgoblin
Aim: a hobgoblin (lightly wounded, 82% to hit)
The blast of sand hits the hobgoblin.
The hobgoblin is heavily wounded.
The hobgoblin hits you.
* * * LOW HITPOINT WARNING * * *
The kobold hits you with a +0 short sword.
* * * LOW HITPOINT WARNING * * *
Casting: Sandblast (safe; 6% risk of failure)
Confirm with . or Enter, or press ? or * to list all spells.
Aiming: Sandblast (safe; 6% risk of failure)
Press: ? - help, Shift-Dir - straight line, f/p - hobgoblin
Aim: a hobgoblin (heavily wounded, 82% to hit)
The blast of sand hits the hobgoblin.
The hobgoblin is severely wounded.
The hobgoblin hits you.
* * * LOW HITPOINT WARNING * * *
The kobold hits you with a +0 short sword.
* * * LOW HITPOINT WARNING * * *
The kobold hits you with a +0 short sword.
* * * LOW HITPOINT WARNING * * *
The hobgoblin hits you.
You die...

# #.######
#.#....
#.g.K##
##.#@#.####.#
#.........".#
##.#.#.######
##...## ##.##
#.# #.# #.#
#.#


You could see a hobgoblin and a kobold.

Vanquished Creatures
  A dart slug (D:1)
  3 ball pythons (D:1)
  A hobgoblin (D:1)
  A frilled lizard (D:1)
  A kobold (D:1)
7 creatures vanquished.

Notes
Turn   | Place    | Note
-------+----------+-------------------------------------------
     0 | D:1      | Cheops the Armataur Earth Elementalist began the quest for
                  | the Orb.
     0 | D:1      | Reached XP level 1. HP: 14/14 MP: 3/3
   254 | D:1      | Found Yteggyur's Magic Scroll Shoppe.
   314 | D:1      | Reached skill level 3 in Earth Magic
   314 | D:1      | Reached XP level 2. HP: 21/21 MP: 0/5
   393 | D:1      | Slain by a hobgoblin

Illustrated notes

Levels and vault maps discovered:
D:1:      scummos_arrival_gate, layout_loops_ring, serial_forest,
          infiniplex_forest_clump_medium, infiniplex_forest_split,
          infiniplex_forest_lined_4_way, infiniplex_forest_zigzag_2,
          infiniplex_forest_zigzag_1, infiniplex_forest_end_1, serial_shops,
          nicolae_shop_back_alley_shop, moated_statue

Skill      XL: |  1 |
---------------+----+-----
Spellcasting   | 2 |  2.0
Earth Magic    | 3 |  3.0
Dodging        | |  1.3
Stealth        | |  2.4
Transmutations | |  0.8

Action                     || total
---------------------------++-------
  Melee: Staff             ||     3
   Cast: Sandblast         ||    12
 Armour: Robe              ||     4
  Dodge: Dodged            ||     2
